Map: Cerulean Fall LE

Players

Nitix

  • Race: Zerg Zerg
  • League: Grandmaster
  • Spawn Location: 1:00

Lambo - Winner!

  • Race: Zerg Zerg
  • League: Grandmaster
  • Spawn Location: 7:00

VOD

Have the link to the VOD?

Description

Time

  • Played on: Dec. 28, 2018, 1:02 p.m.
  • Length: 8:07
Show
View Real Time Build Order
Export as new Build Order

Nitix Zerg 

Build Orders: Hatch First 

Get SALT Encoding   

  12  0:00  Drone  
  13  0:12  Overlord  
  13  0:17  Drone  
  14  0:30  Drone x2  
  16  0:48  Hatchery  
  15  0:51  Drone  
  15  0:55  Drone  
  17  0:59  Drone  
  18  1:09  Extractor  
  17  1:14  Spawning Pool  
  17  1:17  Drone  
  17  1:21  Drone  
  18  1:28  Drone  
  19  2:00  Zergling x6  
  23  2:01  Queen, Zergling x2  
  24  2:28  Drone x4  
  22  2:35  Drone  
  22  2:42  Drone  
  22  2:43  Drone  
  24  2:51  Overlord  
  24  2:54  Drone  
  24  2:55  Drone  
  26  3:02  Metabolic Boost  
  26  3:06  Drone  
  26  3:07  Drone  
  26  3:11  Zergling x2  
  29  3:16  Drone x2  
  29  3:17  Drone  
  32  3:22  Overlord  
  32  3:26  Drone  
  33  3:29  Queen  
  35  3:37  Drone  
  36  3:44  Drone x5  
  41  3:56  Hatchery  
  39  4:03  Zergling x4  
  39  4:04  Overlord  
  41  4:14  Evolution Chamber, Drone x4  
  44  4:18  Overlord  
  44  4:25  Overlord x2  
  44  4:30  Lair  
  44  4:31  Extractor  
  43  4:32  Extractor  
  43  4:33  Drone  
  43  4:40  Roach Warren  
  43  4:41  Zerg Missile Weapons Level 1  
  43  4:45  Drone x2  
  42  4:46  Drone  
  42  4:47  Drone  
  45  4:53  Drone x3  
  48  5:09  Drone  
  48  5:10  Drone x4  
  48  5:13  Queen  
  55  5:15  Drone  
  56  5:22  Drone x2  
  56  5:28  Drone  
  59  5:30  Drone  
  59  5:32  Glial Reconstitution, Drone x2  
  59  5:34  Drone x3  
  65  5:36  Drone x2  
  65  5:40  Drone x2  
  69  5:48  Extractor  
  69  5:49  Extractor, Drone  
  68  5:54  Drone x2  
  70  5:58  Overseer  
  70  6:01  Hatchery  
  70  6:04  Roach x5  
  79  6:11  Overlord x2  
  79  6:17  Roach  
  80  6:25  Overlord x3  
  80  6:29  Overlord  
  80  6:31  Roach x8  
  96  6:36  Roach  
  96  6:39  Overlord  
  98  6:41  Overseer  
  98  6:44  Roach x2  
  102  6:49  Roach x2  
  108  6:54  Roach x4  
  108  6:57  Roach x3  
  108  6:58  Roach x2  
  108  7:01  Overlord  
  124  7:02  Overlord x2  
  124  7:06  Roach  
  126  7:14  Overlord x2  
  126  7:18  Roach  
  128  7:24  Roach x4  
  136  7:33  Roach x6  
  118  7:47  Roach x5  
Show
View Real Time Build Order
Export as new Build Order

Lambo Zerg - Winner!

Build Orders: Pool First 

Get SALT Encoding   

  12  0:17  Spawning Pool  
  11  0:22  Drone  
  11  0:27  Drone  
  13  0:31  Drone  
  14  0:39  Overlord  
  14  1:03  Zergling x4  
  16  1:05  Zergling x2  
  17  1:16  Zergling x2  
  18  1:18  Hatchery  
  17  1:27  Zergling x2  
  18  1:33  Queen  
  18  1:39  Drone  
  21  1:48  Overlord  
  21  1:59  Drone  
  22  2:10  Drone  
  22  2:11  Queen  
  25  2:21  Drone  
  22  2:30  Drone  
  22  2:31  Drone  
  22  2:34  Queen  
  25  2:41  Drone x3  
  25  2:42  Drone  
  29  2:48  Drone  
  30  2:52  Queen  
  32  2:59  Drone x2  
  34  3:06  Overlord  
  34  3:07  Drone  
  35  3:16  Drone  
  36  3:20  Extractor, Drone  
  36  3:21  Extractor  
  36  3:22  Zergling x2  
  36  3:24  Drone x3  
  39  3:31  Drone  
  40  3:35  Overlord  
  40  3:40  Evolution Chamber  
  39  3:42  Drone  
  39  3:44  Drone x3  
  43  3:49  Overlord  
  43  3:54  Drone  
  44  3:58  Extractor  
  44  3:59  Drone  
  44  4:03  Drone x2  
  44  4:04  Drone  
  44  4:08  Zerg Missile Weapons Level 1  
  47  4:17  Hatchery, Drone x2  
  49  4:18  Drone  
  49  4:20  Drone  
  49  4:28  Roach Warren  
  48  4:31  Lair  
  48  4:35  Overlord  
  48  4:50  Evolution Chamber  
  48  4:51  Drone x2  
  49  4:58  Drone x5  
  49  4:59  Drone x3  
  57  5:04  Drone  
  58  5:16  Drone x2  
  58  5:17  Zerg Ground Armor Level 1  
  60  5:26  Roach x4  
  68  5:31  Overseer  
  68  5:32  Extractor  
  68  5:33  Roach x3  
  73  5:40  Overlord  
  73  5:41  Overlord  
  73  5:43  Overlord  
  73  5:45  Glial Reconstitution  
  73  5:46  Overlord  
  73  5:52  Overlord, Drone  
  74  6:00  Roach x8  
  74  6:03  Roach x2  
  94  6:06  Overlord  
  94  6:08  Roach  
  94  6:10  Roach  
  102  6:18  Roach x3  
  102  6:23  Roach x2  
  108  6:28  Roach x4  
  116  6:36  Overlord  
  116  6:37  Roach x3  
  122  6:41  Overlord  
  122  6:46  Overlord  
  122  6:54  Overlord  
  122  6:56  Roach x4  
  122  6:58  Overlord  
  122  7:01  Roach x3  
  136  7:02  Ravager x2  
  136  7:04  Roach  
  136  7:06  Roach  
  142  7:09  Roach  
  142  7:13  Roach x2  
  148  7:16  Roach  
  148  7:19  Roach  
  152  7:23  Roach x2  
  150  7:39  Roach x7  
  150  7:43  Roach  
  150  7:44  Roach  
  154  7:46  Roach  
Tags
 
Add a new tag
Caveats
  • Supply blocks, unpowered buildings, or Contaminate may cause inaccurate times.
  • Supply counts are checked every 10 seconds.